AoeStats
← LVH.TGGO

African Clearing

510849571Analyzed
2v2 RM · 10h ago on Oct 2, 2026· 45m 40s· 4 players
Game mode
Random Map
Map size
Medium (4 player)
Population
200
Speed
Normal
Resources
Standard
Victory
Conquest
Starting age
Dark Age
Ending age
Imperial Age
RankedLock teamsTeams togetherTeam positionsShared explorationLock speedFull tech treeHidden civsTurbo modeCheats
Victory
Defeat
🇧🇪 Hindustanis · Belgium
1304
+18
🇨🇿 Huns · Czechia
1300
+18
🇦🇷 Magyars · Argentina
1363
-19
🇦🇷 Mongols · Argentina
1319
-17
pavifa
6:16 Loom
14:09 Feudal Age
19:05 Castle Age
17:21 Fishing Lines
17:31 Double-Bit Axe
18:50 Fletching
19:34 Padded Archer Armor
21:11 Bow Saw
24:29 Bodkin Arrow
28:47 Husbandry
29:51 Ballistics
31:05 Bloodlines
31:13 Leather Archer Armor
31:53 Gold Mining
33:23 Wheelbarrow
34:06 Gillnets
37:41 Hand Cart
41:12 Imperial Age
39:44 Marauders
40:27 Forging
40:23 Scale Barding Armor
42:22 Iron Casting
44:17 Chain Barding Armor
45:22 Bracer
46:23 Blast Furnace
46:54 Chemistry
46:21 Parthian Tactics
46:52 Gold Shaft Mining
46:08 Stone Mining
Hane
7:44 Loom
12:27 Feudal Age
16:28 Fletching
36:27 Castle Age
35:08 Double-Bit Axe
36:16 Scale Mail Armor
37:43 Horse Collar
39:15 Bow Saw
43:40 Squires
45:05 Chain Mail Armor
44:50 Town Watch
46:47 Wheelbarrow
LVH.TGGO
9:44 Loom
12:01 Feudal Age
12:42 Double-Bit Axe
12:45 Town Watch
21:19 Castle Age
20:10 Scale Barding Armor
20:56 Fletching
22:20 Husbandry
26:21 Bloodlines
28:21 Chain Barding Armor
28:47 Elite Skirmisher
31:47 Padded Archer Armor
33:34 Bodkin Arrow
35:42 Ballistics
36:51 Scale Mail Armor
41:40 Bow Saw
42:06 Wheelbarrow
43:11 Scale Mail Armor
LVH.LaeB
5:29 Loom
13:44 Feudal Age
16:23 Fletching
35:46 Castle Age
35:16 Padded Archer Armor
37:11 Double-Bit Axe
37:27 Bodkin Arrow
38:16 Bow Saw
38:49 Leather Archer Armor
38:53 Bloodlines
44:25 Ballistics
44:53 Husbandry
Connection lost

Rejoining the realm…

Still unreachable

The connection could not be restored.

Session expired

The server has moved on; the page needs a fresh start.